 Dungeon Crawl Stone Soup version 0.20.0 (webtiles) character file.

630 ChaseSP the Cleaver (level 7, -7/58 HPs)
             Began as a Hill Orc Fighter on May 26, 2017.
             Was an Initiate of Okawaru.
             Mangled by a gnoll
             ... wielding a +0 halberd
              (13 damage)
             ... on level 4 of the Dungeon.
             The game lasted 00:05:33 (3857 turns).

ChaseSP the Cleaver (Hill Orc Fighter)              Turns: 3857, Time: 00:05:34

Health: -7/58      AC: 10    Str: 24    XL:     7   Next: 48%
Magic:  7/7        EV:  5    Int:  8    God:    Okawaru [......]
Gold:   205        SH:  9    Dex: 12    Spells: 6/6 levels left

rFire    + . .     SeeInvis .   a - +0 war axe
rCold    x . .     Gourm    .   c - +0 shield
rNeg     + . .     Faith    .   m - +0 chain mail
rPois    .         Spirit   .   (no helmet)
rElec    .         Reflect  .   (no cloak)
rCorr    .         Harm     +   (no gloves)
MR       .....                  n - +0 pair of boots
Stlth    ..........             B - amulet of harm
Regen    0.2/turn               A - ring of positive energy
MPRegen  0.1/turn               g - ring of fire

@: mighty
A: no striking features
a: Renounce Religion


You were on level 4 of the Dungeon.
You worshipped Okawaru.
Okawaru was noncommittal.
You were not hungry.

You visited 1 branch of the dungeon, and saw 4 of its levels.

You collected 205 gold pieces.

Inventory:

Hand Weapons
 a - a +0 war axe (weapon)
 y - a +0 flail of protection
Armour
 b - a +0 scale mail
 c - a +0 shield (worn)
 m - a +0 chain mail (worn)
 n - a +0 pair of boots (worn)
Jewellery
 g - a ring of fire (right hand)
 A - a ring of positive energy (left hand)
 B - an amulet of harm (around neck)
Wands
 I - a wand of lightning (9/15)
Scrolls
 e - 6 scrolls of identify {unknown}
 h - a scroll of amnesia {unknown}
 l - 2 scrolls of teleportation {unknown}
 p - a scroll of magic mapping {unknown}
 q - 2 scrolls of enchant armour {unknown}
 r - a scroll of immolation {unknown}
 v - 2 scrolls of remove curse {unknown}
 w - 2 scrolls of blinking {unknown}
 G - a scroll of noise {unknown}
Potions
 j - a potion of lignification {unknown}
 k - a potion of resistance {unknown}
 o - a potion of berserk rage {unknown}
 s - a potion of flight {unknown}
 t - a potion of agility {unknown}
 u - a potion of cancellation {unknown}
 x - a potion of invisibility {unknown}
 C - a potion of magic {unknown}
 E - a potion of curing {unknown}
 F - a potion of haste {unknown}
 H - a potion of heal wounds {unknown}
Comestibles
 f - 2 bread rations
 i - 2 royal jellies
 z - 6 chunks of flesh
 D - 2 meat rations


   Skills:
 + Level 3.7 Fighting
 * Level 10.3 Axes
 + Level 3.7 Armour
 - Level 3.2 Shields


You had 6 spell levels left.
You didn't know any spells.

Dungeon Overview and Level Annotations

Branches:
Dungeon (4/15)
 Temple: D:4-7

Altars:
Nemelex Xobeh
Okawaru
Ru
Trog

Annotations:
D:3


Message History

You are too injured to fight recklessly!
Your shield and chain mail prevent you from hitting the gnoll.
You barely miss the gnoll. The gnoll hits you with a halberd.
You block the gnoll's attack.
You closely miss the gnoll.
Your chain mail prevents you from hitting the gnoll.
You block the gnoll's attack. The gnoll hits you with a halberd!
* * * LOW HITPOINT WARNING * * *
You closely miss the gnoll. You slash the gnoll!
You kill the gnoll!
Okawaru accepts your kill. You block the gnoll's attack.
Your shield and chain mail prevent you from hitting the gnoll.
You block the gnoll's attack.
You hit the gnoll.
The gnoll is moderately wounded.
You block the gnoll's attack.
You feel very mighty all of a sudden. The gnoll hits you with a halberd!
You die...

## #. #.
... ##
##.## .. .#
#.)g##.# .#
#.#@)..# .#
#.<.#### .#
##.## .#
##)######.
.#
#.........
.#
##.#.#####.
.# #####
##.###.##
.###...#
#.## #.#
.....#.#
##รท## [.#


You could see a gnoll.

Vanquished Creatures
  2 eyes of draining (D:3)
  An ogre (D:3)
  A hound (D:4)
  A gnoll shaman (D:4)
  2 iguanas (D:4)
  Terence (D:3)
  4 worker ants
  3 gnolls (D:4)
  3 adders
  An ooze (D:1)
  A worm (D:4)
  4 leopard geckos
  3 orcs (D:3)
  A ball python (D:1)
  2 giant cockroaches
  11 goblins
  7 hobgoblins
  5 jackals
  4 quokkas
  9 bats
  4 frilled lizards
  3 kobolds
  5 rats
78 creatures vanquished.

Notes
Turn   | Place    | Note
-------+----------+-------------------------------------------
     0 | D:1      | ChaseSP the Hill Orc Fighter began the quest for the Orb.
     0 | D:1      | Reached XP level 1. HP: 19/19 MP: 1/1
    17 | D:1      | Noticed a minotaur zombie
    64 | D:1      | Reached skill level 3 in Axes
   333 | D:1      | Reached XP level 2. HP: 21/26 MP: 2/2
   422 | D:1      | Reached skill level 4 in Axes
   684 | D:1      | Reached XP level 3. HP: 27/31 MP: 3/3
  1433 | D:2      | Found a sacrificial altar of Ru.
  1610 | D:2      | Reached skill level 5 in Axes
  2094 | D:3      | Noticed Terence
  2124 | D:3      | Killed Terence
  2124 | D:3      | Reached XP level 4. HP: 26/39 MP: 4/4
  2170 | D:3      | Reached skill level 6 in Axes
  2431 | D:3      | Reached XP level 5. HP: 44/45 MP: 5/5
  2547 | D:3      | Noticed an ogre
  2552 | D:3      | Killed an ogre
  2552 | D:3      | Reached skill level 7 in Axes
  2786 | D:3      | Found a bloodstained altar of Trog.
  2786 | D:3      | Noticed an eye of draining
  2790 | D:3      | Noticed an eye of draining
  2809 | D:3      | Killed an eye of draining
  2809 | D:3      | Reached skill level 8 in Axes
  2809 | D:3      | Reached XP level 6. HP: 51/51 MP: 0/6
  2819 | D:3      | Killed an eye of draining
  2819 | D:3      | Reached skill level 9 in Axes
  3236 | D:4      | Found an iron altar of Okawaru.
  3250 | D:4      | Reached XP level 7. HP: 48/57 MP: 7/7
  3366 | D:4      | Became a worshipper of Warmaster Okawaru
  3576 | D:4      | Found a sparkling altar of Nemelex Xobeh.
  3622 | D:4      | Reached skill level 10 in Axes
  3857 | D:4      | Mangled by a gnoll

Skill      XL: |  1  2  3  4  5  6  7 |
---------------+----------------------+-----
Axes           | 3 4 5 6 8 9 10 | 10.3
Fighting       | |  3.7
Armour         | |  3.7
Shields        | |  3.2

Action                   |  1- 3 |  4- 6 |  7- 9 || total
-------------------------+-------+-------+-------++-------
Melee: War axe           |   135 |   117 |    50 ||   302
  Use: Potion            |       |       |     1 ||     1
  Eat: Chunk             |     3 |     5 |     2 ||    10
Armor: Scale mail        |    12 |       |       ||    12
       Chain mail        |    58 |    68 |    16 ||   142
Dodge: Dodged            |    26 |    25 |    12 ||    63
Block: Shield            |    73 |    63 |    17 ||   153
